 Dungeon Crawl Stone Soup version 0.30.0-29-ga12c61a403 (webtiles) character file.

Game seed: 10941355142507896292

87 kitiara the Cudgeller (level 4, -10/42 HPs)
             Began as a Troll Gladiator on June 22, 2023.
             Mangled by Crazy Yiuf
             ... wielding a +4 quarterstaff of chaos
              (14 damage)
             ... on level 2 of the Dungeon.
             The game lasted 00:39:02 (1935 turns).

kitiara the Cudgeller (Troll Gladiator)             Turns: 1935, Time: 00:39:03

Health: -10/42     AC:  4    Str: 22    XL:     4   Next: 28%
Magic:  3/3        EV: 10    Int:  4    God:
Gold:   47         SH:  0    Dex: 13    Spells: 3/3 levels left

rFire   . . .        a - +0 flail
rCold   . . .        (no shield)
rNeg    . . .        o - +0 robe
rPois   .            c - +0 hat
rElec   .            (no cloak)
rCorr   .            (gloves unavailable)
SInv    .            (boots unavailable)
Will    .....        (no amulet)
Stlth   +            (no ring)
HPRegen 1.07/turn    (no ring)
MPRegen 0.08/turn

%: no passive effects
@: no status effects
A: large, unfitting armour, claws 3, regeneration 1, shaggy fur 1, tough skin 1
a: no special abilities


You were on level 2 of the Dungeon.
You visited 1 branch of the dungeon, and saw 3 of its levels.

You collected 47 gold pieces.

Inventory:

Hand Weapons
 a - a +0 flail (weapon)
 i - a +0 dagger
 k - a +0 dagger
 r - a +0 dagger
 t - a +0 spear
Missiles
 b - 5 stones (quivered)
 p - 3 javelins
 s - 3 poisoned darts
Armour
 c - a +0 hat (worn)
 o - a +0 robe (worn)
Scrolls
 d - a scroll of identify
 e - a scroll of butterflies
 f - a scroll of immolation
 g - a scroll of fog {unknown}
 j - a scroll of teleportation {unknown}
Potions
 h - 2 potions of magic
 l - a potion of resistance
 m - a potion of curing {unknown}
 q - a potion of lignification {unknown}
 u - a potion of flight {unknown}


   Skills:
 + Level 2.0 Fighting
 + Level 3.9 Maces & Flails
 + Level 2.0 Throwing
 + Level 2.7 Dodging
 + Level 0.2 Stealth


You had 3 spell levels left.
You didn't know any spells.
Your spell library was empty.

Dungeon Overview and Level Annotations

Branches:
Dungeon (3/15)

Altars:

Annotations:
D:2 Crazy Yiuf


Innate Abilities, Weirdness & Mutations

You are too large for most types of armour.
You have claws for hands.
Your natural rate of healing is unusually fast.
You are covered in fur. (AC +1)
You have tough skin. (AC +1)


Message History

You hit the fungus but do no damage.
The fungus is lightly damaged.
A nearby fungus withers and dies.
You hit the bush but do no damage. You hit the bush but do no damage.
You hit the bush but do no damage. You sock the fungus!
The fungus begins to die.
The fungus is lightly damaged.
You hit the fungus.
The fungus is lightly damaged.
You sock the fungus!
The fungus is lightly damaged.
You thump the fungus!
The fungus is lightly damaged.
A nearby fungus withers and dies.
Found a hammer.
Found a runed translucent door.
Crazy Yiuf shouts!
You open the door. You barely miss Crazy Yiuf. Crazy Yiuf barely misses you.
You hit Crazy Yiuf.
Crazy Yiuf is lightly wounded.
Crazy Yiuf barely misses you.
You hit Crazy Yiuf.
Crazy Yiuf is heavily wounded.
Crazy Yiuf twirls on the spot.
Crazy Yiuf hits you with a +4 quarterstaff of chaos.
Crazy Yiuf burns you.
Crazy Yiuf screams, "Announcement hand Hive!"
Crazy Yiuf hits you with a +4 quarterstaff of chaos!
Crazy Yiuf freezes you.
You barely miss Crazy Yiuf.
Crazy Yiuf is heavily wounded.
Crazy Yiuf hits you with a +4 quarterstaff of chaos.
Crazy Yiuf freezes you.
You hit Crazy Yiuf.
Crazy Yiuf is heavily wounded.
Crazy Yiuf hits you with a +4 quarterstaff of chaos!
* * * LOW HITPOINT WARNING * * *
You are electrocuted!
You die...

##### ##### ..........
#...#########...# #######.##
##.#.............# #...
.........######### #.##
.##.###### #.# .##.# #.# .##.#
### ♣♣#### #.# .##.# #)..#♣♣
♣♣P+..## #.## .##.#
#...g@♣♣♣♣P.....###... ..#.#
#...#♣..♣...........## #.#.# ###
♣♣♣.♣.P+.#####.## #.#.# ♣♣♣♣♣###
#... #.#.###### ####
#.#......#### #######
#.#######...#####..##.###########
#.# #..........##............ #.#
#..######..#############.


You could see Crazy Yiuf.

Vanquished Creatures
  A jelly (D:3)
  An adder (D:3)
  2 worms (D:2)
  5 ball pythons
  2 bats (D:1)
  4 endoplasms
  3 giant cockroaches
  5 goblins
  4 hobgoblins
  5 kobolds
  A quokka (D:2)
  3 frilled lizards
  2 rats (D:1)
38 creatures vanquished.

Notes
Turn   | Place    | Note
-------+----------+-------------------------------------------
     0 | D:1      | kitiara the Troll Gladiator began the quest for the Orb.
     0 | D:1      | Reached XP level 1. HP: 19/19 MP: 0/0
   188 | D:1      | Reached XP level 2. HP: 27/27 MP: 1/1
   198 | D:1      | Reached skill level 3 in Maces & Flails
   652 | D:2      | You fall into a shaft and drop 1 floor!
   712 | D:3      | Reached XP level 3. HP: 35/35 MP: 2/2
   825 | D:3      | Reached XP level 4. HP: 42/42 MP: 3/3
  1926 | D:2      | Found a runed translucent door.
  1927 | D:2      | Noticed Crazy Yiuf
  1935 | D:2      | Mangled by Crazy Yiuf

Illustrated notes

Levels and vault maps discovered:
D:1:      dpeg_arrival_pits, layout_rooms, st_stairs_11
D:2:      layout_loops_ring, uniq_crazy_yiuf_cottage
D:3:      layout_basic, dreamdust_princess_bridge, moated_statue

Skill      XL: |  1  2  3 |
---------------+----------+-----
Maces & Flails | 3 |  3.9
Throwing       | 2 |  2.0
Fighting       | 2 |  2.0
Dodging        | |  2.7
Stealth        | |  0.2

Action                     |  1- 3 |  4- 6 || total
---------------------------+-------+-------++-------
  Melee: Flail             |    65 |    30 ||    95
  Throw: Throwing net      |     9 |     3 ||    12
         Stone             |     9 |     8 ||    17
         Large rock        |     1 |       ||     1
         Javelin           |       |     2 ||     2
         Dart              |       |     1 ||     1
    Use: Scroll            |     4 |     3 ||     7
         Potion            |     1 |       ||     1
   Stab: Held in net/web   |     1 |       ||     1
 Armour: Robe              |    27 |     2 ||    29
  Dodge: Dodged            |    27 |    11 ||    38
